[Event "Titled Tuesday Blitz October 11 Late 2022"]
[White "Leiva, Gianmarco"]
[Black "Buchenau, Frank"]
[WhiteFideId "3804399"]
[BlackFideId "4604350"]
[WhiteElo "2285"]
[BlackElo "2157"]
[Result "0-1"]
[Round "10"]
[TimeControl "180+1"]
[Date "2022.10.12"]
[WhiteClock "0:00:03"]
[BlackClock "0:00:09"]

1. e4 e6 2. d4 d5 3. Nd2 c5 4. exd5 Qxd5 5. Ngf3 cxd4 6. Bc4 Qd6 7. O-O Nf6 8. Re1 Nc6 9. Ne4 Nxe4 10. Rxe4 Be7 11. Nxd4 O-O 12. Bf4 Qc5 13. Nb3 Qf5 14. Bd3 Rd8 15. Qe2 Bd7 16. Bc7 Rdc8 17. Rh4 Qg5 18. Bxh7+ Kf8 19. Bg3 g6 20. Rd1 Be8 21. Nd2 Rd8 22. Nf3 Rxd1+ 23. Qxd1 Qd5 24. Qxd5 exd5 25. Bxg6 Bxh4 26. Bxh4 fxg6 27. Bg5 Bd7 28. Kf1 Re8 29. Bh6+ Kg8 30. Bd2 Bf5 31. c3 d4 32. cxd4 Bd3+ 33. Kg1 Be4 34. Ng5 Nxd4 35. f3 Bd5 36. h4 Bxa2 37. Kh2 Re2 38. Bc3 Nb5 39. Bf6 a5 40. Kg3 a4 41. Nh3 Nd6 42. Nf4 Nf5+ 43. Kh3 Rd2 44. Bc3 Rc2 45. Be5 Kf7 46. g4 Ne3 47. Nd3 Nc4 48. Bf4 Re2 49. Nc5 Nxb2 50. Nxb7 Nc4 51. Nc5 a3 52. Ne4 Bb1 53. Ng5+ Kg8 54. h5 a2 55. h6 a1=Q 56. h7+ Kh8 57. Bd6 Nxd6 58. f4 Qc3+ 59. Kh4 Rh2+ 60. Nh3 Qf6+ 61. Kg3 Rxh3+ 62. Kxh3 Qxf4 63. Kh4 g5+ 64. Kh5 Ne4 65. Kh6 Qxg4 66. Kg6 Ng3+ 67. Kh6 Qh5# 0-1


[Site "https://www.chess.com"]

[Event "Titled Tuesday Blitz October 11 Late 2022"]
[White "Matinian, Nikita"]
[Black "Reshetnikov, Alexey"]
[WhiteFideId "24129100"]
[BlackFideId "4162080"]
[WhiteElo "2422"]
[BlackElo "2502"]
[Result "1/2-1/2"]
[Round "10"]
[TimeControl "180+1"]
[Date "2022.10.11"]
[WhiteClock "0:00:18"]
[BlackClock "0:00:09"]

1. e4 c5 2. Nf3 d6 3. d4 cxd4 4. Nxd4 Nf6 5. Nc3 Nc6 6. Bg5 Bd7 7. Qd3 Rc8 8. Nxc6 Bxc6 9. O-O-O Qa5 10. Bxf6 gxf6 11. Kb1 e6 12. f4 Be7 13. Be2 h5 14. Qh3 b5 15. Bxh5 Kf8 16. Nd5 b4 17. Rhe1 Bb7 18. Nxe7 Rxh5 19. Qd3 Rd8 20. e5 Kxe7 21. exd6+ Kf8 22. Qd4 Bd5 23. b3 Rxd6 24. Qxf6 Ra6 25. a4 bxa3 26. c4 Qb4 27. cxd5 Qxb3+ 28. Ka1 Qb2+ 29. Qxb2 axb2+ 30. Kxb2 Rxh2 31. Re2 exd5 32. Rxd5 Rg6 33. Rdd2 Rg3 34. Rf2 Kg7 35. f5 a5 36. f6+ Kg6 37. Rd8 Kh7 38. Rdd2 a4 39. Ka2 Kg6 40. Rd8 Kh7 41. Rf8 Rgxg2 42. Rxf7+ Kh6 43. Rxg2 Rxg2+ 44. Ka3 Rf2 45. Kxa4 Kg6 46. Rb7 Rxf6 47. Ka5 Rf5+ 48. Rb5 Rf6 49. Rb6 Rxb6 50. Kxb6 1/2-1/2


[Site "https://www.chess.com"]

[Event "Titled Tuesday Blitz October 11 Late 2022"]
[White "Mazurkiewicz, Michal"]
[Black "Rorrer, Grayson"]
[WhiteFideId "1124943"]
[BlackFideId "30944996"]
[WhiteElo "2063"]
[BlackElo "2130"]
[Result "0-1"]
[Round "10"]
[TimeControl "180+1"]
[Date "2022.10.11"]
[WhiteClock "0:00:02"]
[BlackClock "0:01:01"]

1. e4 c5 2. Nf3 d6 3. g3 Nf6 4. d3 g6 5. Bg2 Bg7 6. O-O O-O 7. Re1 Nc6 8. e5 dxe5 9. Nxe5 Nxe5 10. Rxe5 Ng4 11. Re2 Ne5 12. Qe1 Nc6 13. Bxc6 bxc6 14. Rxe7 Be6 15. Bg5 Qd5 16. Bc1 Bf6 17. Nc3 Qf3 18. Rxe6 fxe6 19. Qxe6+ Kg7 20. Be3 Rae8 21. Qd6 Rxe3 22. fxe3 Qxe3+ 23. Kg2 Bxc3 24. bxc3 Rf2+ 25. Kh3 Qh6+ 26. Kg4 Qh5# 0-1


[Site "https://www.chess.com"]

[Event "Titled Tuesday Blitz October 11 Late 2022"]
[White "Melikhov, Evgeny V."]
[Black "Poliakova, Varvara"]
[WhiteFideId "4122046"]
[BlackFideId "13518313"]
[WhiteElo "2169"]
[BlackElo "1938"]
[Result "0-1"]
[Round "10"]
[TimeControl "180+1"]
[Date "2022.10.12"]
[WhiteClock "0:00:02"]
[BlackClock "0:00:10"]

1. d4 f5 2. e4 fxe4 3. Nc3 Nf6 4. Bg5 g6 5. Bxf6 exf6 6. Nxe4 f5 7. Ng3 Bg7 8. Nf3 O-O 9. Qd2 d5 10. O-O-O f4 11. Ne2 Qd6 12. Ne5 Nc6 13. Nxc6 bxc6 14. Nc3 Rb8 15. a3 Bf5 16. Bd3 Bxd3 17. Qxd3 f3 18. g3 Bh6+ 19. Rd2 Bxd2+ 20. Qxd2 Rbe8 21. Kb1 Re7 22. h4 Qf6 23. Qd3 h6 24. Ka2 Rfe8 25. h5 g5 26. g4 Kg7 27. Rh3 Rf7 28. Rg3 Qf4 29. Qg6+ Kf8 30. Qxh6+ Kg8 31. Qxc6 Ref8 32. Qxd5 Kg7 33. h6+ Kxh6 34. Rh3+ Kg7 35. Qe6 Rf6 36. Qe7+ R8f7 37. Qe8 Rf8 38. Qh5 Rg8 39. Qh7+ Kf8 40. Qd7 Qd6 41. Qxd6+ cxd6 42. Rh7 Rf7 43. Rh6 Ke8 44. Rxd6 Rgg7 45. Ne4 Rf4 46. Nf6+ Ke7 47. Ra6 Rxf6 48. Rxa7+ Kf8 49. Ra8+ Kf7 50. c4 Kg6 51. d5 Rf4 52. c5 Rxg4 53. d6 Rd4 54. Rc8 g4 55. Re8 g3 56. fxg3 f2 57. Rf8 Rf7 58. Rg8+ Kf6 59. Rg4 f1=Q 60. Rxd4 Qb5 61. b4 Ke6 62. Kb3 Rf3+ 63. Kc2 Qe2+ 64. Rd2 Qc4+ 65. Kb2 Rb3+ 66. Ka2 Rd3+ 67. Kb2 Rxd2+ 0-1


[Site "https://www.chess.com"]

[Event "Titled Tuesday Blitz October 11 Late 2022"]
[White "Mirzoev, Azer"]
[Black "Hajiyev, Kanan"]
[WhiteFideId "13400304"]
[BlackFideId "13404148"]
[WhiteElo "2525"]
[BlackElo "2118"]
[Result "1-0"]
[Round "10"]
[TimeControl "180+1"]
[Date "2022.10.11"]
[WhiteClock "0:00:21"]
[BlackClock "0:00:10"]

1. Nf3 d5 2. c4 c6 3. e3 Nf6 4. b3 g6 5. Bb2 Bg7 6. Be2 O-O 7. O-O a5 8. Nc3 Bg4 9. h3 Bxf3 10. Bxf3 e5 11. cxd5 cxd5 12. d3 Nc6 13. Nb5 Re8 14. Be2 Qd7 15. d4 e4 16. Rc1 Kh8 17. a4 Rac8 18. Ba3 Bf8 19. Bxf8 Rxf8 20. Qd2 Nh5 21. Rc5 f5 22. Bxh5 gxh5 23. f3 Rce8 24. Kh1 f4 25. fxe4 Rxe4 26. exf4 Rfe8 27. Rf2 Re1+ 28. Kh2 h4 29. Rc3 Ra1 30. Re3 Rg8 31. Qe2 Qg7 32. Qf3 Nxd4 33. Nxd4 Qxd4 34. Rd3 Qe4 35. Re2 Qxf3 36. Rxf3 d4 37. f5 Rd8 38. f6 d3 39. Rd2 Re1 40. Rfxd3 Rf8 41. Rf3 Kg8 42. Rd4 Re6 43. Rg4+ Kf7 44. Rxh4 Kg6 45. Rg4+ Kh6 46. Rgf4 Kg6 47. g4 Rfxf6 48. Rxf6+ Rxf6 49. Rxf6+ Kxf6 50. Kg3 Ke5 51. h4 Kd4 52. g5 Kc3 53. h5 Kxb3 54. g6 hxg6 55. hxg6 b5 56. axb5 a4 57. g7 a3 58. g8=Q+ Kb2 59. Qg7+ Kb1 60. b6 a2 61. b7 a1=Q 62. Qxa1+ Kxa1 1-0


[Site "https://www.chess.com"]

[Event "Titled Tuesday Blitz October 11 Late 2022"]
[White "Nasuta, Grzegorz"]
[Black "Diaz Rosas, Julio Cesar"]
[WhiteFideId "1141686"]
[BlackFideId "5105099"]
[WhiteElo "2442"]
[BlackElo "2246"]
[Result "1-0"]
[Round "10"]
[TimeControl "180+1"]
[Date "2022.10.11"]
[WhiteClock "0:02:33"]
[BlackClock "0:01:46"]

1. e4 c5 2. Nf3 d6 3. Bb5+ Nd7 4. a4 Nf6 5. Nc3 g6 6. a5 Bg7 7. O-O O-O 8. Re1 a6 9. Bf1 b5 10. axb6 Nxb6 11. d3 Bb7 12. Qd2 Qc7 13. Qg5 Rfe8 14. Qh4 e5 15. Bh6 Bh8 16. Ng5 d5 17. exd5 Nbxd5 18. Nxd5 Bxd5 19. b3 Ne4 20. dxe4 1-0


[Site "https://www.chess.com"]

[Event "Titled Tuesday Blitz October 11 Late 2022"]
[White "Noboa Silva, Kevin"]
[Black "Mickiewicz, Piotr"]
[WhiteFideId "3618471"]
[BlackFideId "1114891"]
[WhiteElo "2178"]
[BlackElo "2246"]
[Result "0-1"]
[Round "10"]
[TimeControl "180+1"]
[Date "2022.10.12"]
[WhiteClock "0:00:11"]
[BlackClock "0:00:08"]

1. e4 c5 2. c3 Nf6 3. e5 Nd5 4. d4 cxd4 5. cxd4 Nc6 6. Nf3 g6 7. Nc3 Nxc3 8. bxc3 Bg7 9. h4 d6 10. exd6 Qxd6 11. h5 Bg4 12. h6 Bf6 13. Be2 Rc8 14. Be3 O-O 15. O-O Na5 16. Rc1 Nc4 17. Qb3 Nxe3 18. fxe3 b6 19. e4 Bxf3 20. Bxf3 Bg5 21. e5 Qd8 22. Rce1 Bd2 23. e6 f5 24. Re5 Rxc3 25. Qa4 Bxh6 26. Rd5 Qc7 27. Rd7 Be3+ 28. Kh1 Qg3 29. d5 f4 30. Bg4 Qxg4 31. Rf3 Rc1+ 32. Kh2 Bg1+ 33. Kh1 Bf2+ 34. Kh2 Bg3+ 35. Rxg3 fxg3# 0-1


[Site "https://www.chess.com"]

[Event "Titled Tuesday Blitz October 11 Late 2022"]
[White "Nozdrachev, Leonid"]
[Black "Machidon, Cristi"]
[WhiteFideId "24113433"]
[BlackFideId "13904590"]
[WhiteElo "2249"]
[BlackElo "2312"]
[Result "0-1"]
[Round "10"]
[TimeControl "180+1"]
[Date "2022.10.11"]
[WhiteClock "0:00:02"]
[BlackClock "0:00:17"]

1. Nf3 d5 2. g3 c6 3. Bg2 Nf6 4. O-O g6 5. d3 Bg7 6. Re1 O-O 7. Nbd2 a5 8. e4 Bg4 9. h3 Bxf3 10. Bxf3 e6 11. Nf1 Na6 12. Bg5 h6 13. Be3 Qc7 14. Nh2 Rfd8 15. e5 Nd7 16. d4 c5 17. c3 cxd4 18. cxd4 Rac8 19. Qd2 Kh7 20. Ng4 h5 21. Nh2 Nb6 22. Qxa5 Nc4 23. Qxc7 Rxc7 24. Rac1 Rdc8 25. b3 Nxe3 26. Rxc7 Rxc7 27. Rxe3 Nb4 28. a4 Bh6 29. Re2 Nc2 30. Kf1 Nxd4 31. Rb2 Rc3 32. Bd1 h4 33. Ng4 hxg3 34. fxg3 Rxg3 35. Nf6+ Kg7 36. b4 Be3 37. Rg2 Rxh3 38. Nh5+ Kh6 39. Ng3 Bf4 40. Kf2 Bxe5 41. b5 b6 42. a5 bxa5 43. b6 Nc6 44. Ba4 Nb4 45. b7 Nd3+ 46. Ke3 Nc5 47. Kd2 Nxb7 48. Nf1 Nc5 49. Bc2 a4 50. Kd1 Bf4 51. Rf2 e5 52. Bxa4 Nxa4 53. Nd2 Nc3+ 0-1


[Site "https://www.chess.com"]

[Event "Titled Tuesday Blitz October 11 Late 2022"]
[White "Osmonbekov, Talaibek"]
[Black "Potula, Kapish"]
[WhiteFideId "2017253"]
[BlackFideId "30903270"]
[WhiteElo "2135"]
[BlackElo "1994"]
[Result "1-0"]
[Round "10"]
[TimeControl "180+1"]
[Date "2022.10.12"]
[WhiteClock "0:00:13"]
[BlackClock "0:00:10"]

1. d4 Nf6 2. Bf4 e6 3. Nc3 b6 4. e3 Bb7 5. Nf3 Be7 6. a4 O-O 7. a5 d6 8. Be2 a6 9. axb6 cxb6 10. O-O Nbd7 11. Re1 Qc7 12. h3 Rfd8 13. Qb1 b5 14. Nd2 Nb6 15. Bd3 Nfd5 16. Nxd5 Nxd5 17. c3 Nxf4 18. Bxh7+ Kh8 19. exf4 g6 20. Bxg6 fxg6 21. Rxe6 Rg8 22. Qe1 Rae8 23. Qe3 Bd5 24. f5 g5 25. Rh6+ Kg7 26. Rg6+ Kh7 27. Rxg8 Rxg8 28. Rxa6 Qb7 29. Ra1 Bxg2 30. d5 Bxd5 31. Ra7 Ra8 32. Rxb7 Ra1+ 33. Kh2 Rh1+ 34. Kg3 Bxb7 35. Qxe7+ Kh6 36. Qxb7 Rd1 37. Nf3 Rd3 38. Qf7 g4 39. Qg6# 1-0


[Site "https://www.chess.com"]

[Event "Titled Tuesday Blitz October 11 Late 2022"]
[White "P., Komal Kishore"]
[Black "Jensen, Matthew R"]
[WhiteFideId "5016703"]
[BlackFideId "2018110"]
[WhiteElo "2126"]
[BlackElo "2300"]
[Result "0-1"]
[Round "10"]
[TimeControl "180+1"]
[Date "2022.10.12"]
[WhiteClock "0:01:02"]
[BlackClock "0:01:27"]

1. e4 c6 2. d4 d5 3. Nc3 dxe4 4. Nxe4 Nf6 5. Nxf6+ exf6 6. c4 Bd6 7. Be3 O-O 8. Bd3 Re8 9. Qh5 Bb4+ 10. Kf1 g6 11. Qh4 Nd7 12. Nf3 Nf8 13. Rd1 a5 14. a3 Be7 15. Qh6 Ne6 16. h4 Bf8 17. h5 Bxh6 18. Bxh6 g5 19. d5 Nf4 20. Bc2 cxd5 21. g3 Bh3+ 22. Kg1 Bg4 23. Rd4 Ne2+ 0-1


[Site "https://www.chess.com"]

[Event "Titled Tuesday Blitz October 11 Late 2022"]
[White "Pakleza, Zbigniew"]
[Black "Preotu, Razvan"]
[WhiteFideId "1119290"]
[BlackFideId "2613280"]
[WhiteElo "2411"]
[BlackElo "2407"]
[Result "1-0"]
[Round "10"]
[TimeControl "180+1"]
[Date "2022.10.11"]
[WhiteClock "0:00:11"]
[BlackClock "0:00:28"]

1. d4 Nf6 2. Nf3 g6 3. Bf4 Bg7 4. e3 d6 5. h3 O-O 6. Be2 c5 7. c3 Qb6 8. Qb3 Be6 9. Qxb6 axb6 10. a3 cxd4 11. exd4 Nd5 12. Bh2 Bd7 13. Nbd2 b5 14. O-O Bc6 15. Rfe1 Nd7 16. Bd3 Rfe8 17. Rac1 Bh6 18. Rc2 N7b6 19. h4 Bd7 20. Ne4 Bf5 21. Bxb5 Rec8 22. Bd3 Nf4 23. Bxf4 Bxf4 24. g3 Bh6 25. Rd1 Na4 26. Kg2 d5 27. Neg5 e6 28. Bxf5 gxf5 29. Re2 Ra6 30. Ne1 f6 31. Ngf3 Kf7 32. Nd3 Rb6 33. Nb4 Rg8 34. Kh3 Bf8 35. Ne1 h5 36. Ned3 Bh6 37. Rde1 Rd6 38. Nc5 Nxc5 39. dxc5 Rd7 40. Rxe6 f4 41. Rd6 Rxd6 42. cxd6 fxg3 43. Re7+ Kg6 44. fxg3 Rd8 45. d7 Bc1 46. Nxd5 Bxb2 47. Nb6 Bxc3 48. Re8 Rxd7 49. Nxd7 Kf7 50. Rb8 Ke7 51. Nb6 Be5 52. Rxb7+ Ke6 53. Nc4 Bd4 54. Rc7 Kd5 55. Nd2 Bc5 56. Rc8 Bd6 57. Nf3 Ke6 58. Rg8 Kd7 59. Ra8 Ke6 60. Ra4 Be7 61. Rc4 Kd7 62. Rc2 Kd6 63. Re2 Kd5 64. Nd2 Bd6 65. Ne4 Be5 66. Nf2 Kd4 67. Re4+ Kd5 68. Re2 Kd4 69. a4 Kd5 70. a5 Bd4 71. a6 1-0


[Site "https://www.chess.com"]

[Event "Titled Tuesday Blitz October 11 Late 2022"]
[White "Perez Cruz, Adianet"]
[Black "Thiel, Thomas"]
[WhiteFideId "3510115"]
[BlackFideId "4615964"]
[WhiteElo "2115"]
[BlackElo "2276"]
[Result "0-1"]
[Round "10"]
[TimeControl "180+1"]
[Date "2022.10.12"]
[WhiteClock "0:01:05"]
[BlackClock "0:01:32"]

1. d4 Nf6 2. Bg5 Ne4 3. Bf4 c5 4. f3 Qa5+ 5. c3 Nf6 6. d5 d6 7. e4 g6 8. Na3 Bg7 9. Nc4 Qd8 10. a4 O-O 11. Bd3 b6 12. Ne2 Ba6 13. Qd2 Re8 14. h4 h5 15. Kf2 Nbd7 16. Rag1 Bxc4 17. Bxc4 Ne5 18. Bxe5 dxe5 19. g4 hxg4 20. Ng3 gxf3 21. h5 gxh5 22. Qg5 e6 23. Bd3 Ng4+ 24. Kf1 Qxg5 0-1


[Site "https://www.chess.com"]

[Event "Titled Tuesday Blitz October 11 Late 2022"]
[White "Petrova, Irina"]
[Black "Clawitter, Craig"]
[WhiteFideId "14124122"]
[BlackFideId "2023105"]
[WhiteElo "2023"]
[BlackElo "2232"]
[Result "1-0"]
[Round "10"]
[TimeControl "180+1"]
[Date "2022.10.12"]
[WhiteClock "0:00:09"]
[BlackClock "0:00:05"]

1. e4 e6 2. d4 d5 3. Nc3 Bb4 4. Ne2 dxe4 5. a3 Be7 6. g4 e5 7. h3 Nc6 8. d5 Nd4 9. Nxd4 exd4 10. Qxd4 Nf6 11. g5 Nd7 12. Qxg7 Rf8 13. Qxh7 Bxg5 14. Qxe4+ Be7 15. Bg5 Nc5 16. Qe3 Bf5 17. Bb5+ Nd7 18. O-O-O a6 19. Bxd7+ Qxd7 20. Rhe1 f6 21. Bh6 Rf7 22. d6 cxd6 23. Nd5 Rc8 24. c3 Qa4 25. Qd2 Kd8 26. Nb6 Qh4 27. Nxc8 Bxc8 28. Bf4 Bd7 29. Bxd6 Bxd6 30. Qxd6 Qg5+ 31. Kb1 Kc8 32. Re8+ Bxe8 33. Qd8# 1-0


[Site "https://www.chess.com"]

[Event "Titled Tuesday Blitz October 11 Late 2022"]
[White "Petrovic, Aleksa"]
[Black "Tomaszewski, Kacper"]
[WhiteFideId "967629"]
[BlackFideId "1127373"]
[WhiteElo "2242"]
[BlackElo "2211"]
[Result "0-1"]
[Round "10"]
[TimeControl "180+1"]
[Date "2022.10.12"]
[WhiteClock "0:01:04"]
[BlackClock "0:00:40"]

1. d4 d5 2. c4 Nc6 3. Nf3 Bg4 4. cxd5 Bxf3 5. gxf3 Qxd5 6. Be3 e5 7. Nc3 Bb4 8. Qd2 O-O-O 9. Bh3+ Kb8 10. Nxd5 Bxd2+ 11. Bxd2 Rxd5 12. dxe5 Nxe5 13. f4 Nc4 14. Bc3 Nf6 15. Rg1 Nh5 16. e3 Re8 17. Rd1 Nxf4 18. Rxd5 Nxd5 19. Rxg7 b6 20. Rxf7 Ncxe3 21. fxe3 Rxe3+ 22. Kf2 Rxh3 23. Kg2 Rh5 24. Kg3 a5 25. h4 Nxc3 26. bxc3 h6 27. Kg4 Rc5 28. Rh7 Rxc3 29. Rxh6 Rc2 30. Rf6 Rxa2 31. h5 Rg2+ 32. Kf5 a4 33. h6 Kb7 34. Rf8 Rf2+ 0-1


[Site "https://www.chess.com"]

[Event "Titled Tuesday Blitz October 11 Late 2022"]
[White "Pinheiro, Iung Alicio de O."]
[Black "Aarav Dengla"]
[WhiteFideId "2104350"]
[BlackFideId "45059756"]
[WhiteElo "2283"]
[BlackElo "2257"]
[Result "1-0"]
[Round "10"]
[TimeControl "180+1"]
[Date "2022.10.11"]
[WhiteClock "0:00:46"]
[BlackClock "0:00:12"]

1. e4 c5 2. Nf3 d6 3. Nc3 Nf6 4. e5 dxe5 5. Nxe5 e6 6. Bb5+ Nbd7 7. d4 a6 8. Bxd7+ Bxd7 9. Bg5 Be7 10. dxc5 Bxc5 11. Qf3 Bd6 12. Nxd7 Qxd7 13. Bxf6 gxf6 14. Qxf6 Rg8 15. O-O Qc6 16. g3 Be7 17. Qf4 Bg5 18. Qe4 Qxe4 19. Nxe4 Be7 20. Rad1 Rc8 21. c3 Rc6 22. Rd4 f5 23. Nd2 Bf6 24. Rd3 Ke7 25. Re1 Rd8 26. Rxd8 Kxd8 27. f4 b5 28. a3 a5 29. Nb3 a4 30. Nd2 Kd7 31. Kf2 Bd8 32. Ke2 Bb6 33. Nf3 Rd6 34. Ne5+ Ke7 35. Nd3 Kf6 36. h3 h5 37. Rc1 Rd8 38. c4 bxc4 39. Rxc4 Rg8 40. Kf3 Rd8 41. Ne5 Bd4 42. Nc6 Rb8 43. Nxb8 1-0


[Site "https://www.chess.com"]

[Event "Titled Tuesday Blitz October 11 Late 2022"]
[White "Poltorak, Sebastian"]
[Black "Averjanov, Alexey"]
[WhiteFideId "1199498"]
[BlackFideId "14109867"]
[WhiteElo "2232"]
[BlackElo "2658"]
[Result "0-1"]
[Round "10"]
[TimeControl "180+1"]
[Date "2022.10.11"]
[WhiteClock "0:00:08"]
[BlackClock "0:00:36"]

1. d4 d5 2. c4 dxc4 3. e4 Nf6 4. e5 Nd5 5. Bxc4 Nb6 6. Bd3 Nc6 7. Be3 Nb4 8. Be4 f5 9. exf6 exf6 10. Nc3 f5 11. Bf3 Be7 12. Nge2 O-O 13. Qb3+ Kh8 14. O-O c6 15. Nf4 g5 16. Ne6 Bxe6 17. Qxe6 g4 18. Be2 Nc2 19. Rad1 Nxe3 20. fxe3 Bg5 21. Bd3 Qf6 22. Bxf5 Qxe6 23. Bxe6 Bxe3+ 24. Kh1 Rxf1+ 25. Rxf1 Bxd4 26. Bxg4 Bxc3 27. bxc3 Nd5 28. Rf7 b5 29. Bf5 Nxc3 30. Rxh7+ Kg8 31. Rc7 Kf8 32. g4 Nxa2 33. g5 Re8 34. Rxa7 Nc3 35. h4 b4 36. Rb7 Re5 37. Bd3 Re3 38. Bg6 Rh3+ 39. Kg2 Rxh4 40. Kg3 Rd4 41. Rf7+ Kg8 42. Rb7 Nb5 43. Bh7+ Kh8 44. g6 b3 45. Rb8+ Kg7 46. Rg8+ Kh6 47. Rf8 b2 48. Rf1 Nc3 49. g7 Kxh7 0-1


[Site "https://www.chess.com"]

[Event "Titled Tuesday Blitz October 11 Late 2022"]
[White "Prydun, Andriy"]
[Black "Sailer, Mike"]
[WhiteFideId "14145898"]
[BlackFideId "2012901"]
[WhiteElo "2163"]
[BlackElo "2109"]
[Result "1-0"]
[Round "10"]
[TimeControl "180+1"]
[Date "2022.10.12"]
[WhiteClock "0:01:13"]
[BlackClock "0:00:44"]

1. e4 d5 2. exd5 Qxd5 3. Nc3 Qd6 4. d4 Nf6 5. Nf3 c6 6. Ne5 Nbd7 7. f4 Nb6 8. g4 g6 9. Bg2 Bg7 10. g5 Nfd5 11. Ne4 Qd8 12. c3 Bf5 13. Nc5 Qc7 14. Qb3 O-O 15. h4 f6 16. Ned3 Bxd3 17. Nxd3 Kh8 18. h5 gxh5 19. Rxh5 fxg5 20. Ne5 Bxe5 21. fxe5 Nf4 22. Bxf4 Rxf4 23. O-O-O c5 24. Rdh1 Rh4 25. Qf7 Rxh1+ 26. Bxh1 1-0


[Site "https://www.chess.com"]

[Event "Titled Tuesday Blitz October 11 Late 2022"]
[White "Przybylski, Wojciech"]
[Black "Sargsyan, Anna M."]
[WhiteFideId "1117599"]
[BlackFideId "13308130"]
[WhiteElo "2496"]
[BlackElo "2607"]
[Result "0-1"]
[Round "10"]
[TimeControl "180+1"]
[Date "2022.10.12"]
[WhiteClock "0:00:19"]
[BlackClock "0:00:54"]

1. e4 c6 2. d4 d5 3. e5 Bf5 4. Nf3 e6 5. Be2 Nd7 6. O-O h6 7. Nbd2 Ne7 8. c3 Qc7 9. a4 g5 10. a5 Bg7 11. b4 O-O 12. h3 f6 13. exf6 Bxf6 14. Re1 e5 15. dxe5 Nxe5 16. Nd4 Qd7 17. N2f3 N5g6 18. Nxf5 Nxf5 19. Bd3 Bxc3 20. Bd2 Bxa1 21. Qxa1 Rae8 22. Rf1 Nf4 23. Bb1 Qg7 24. Bc3 Qxc3 25. Qa2 Re2 26. Qa4 Nxh3+ 27. Kh2 Nxf2 28. b5 Qc4 29. Qa3 Ng4+ 30. Kg1 Rxg2+ 31. Kxg2 Nge3+ 32. Kh2 Nxf1+ 33. Kg1 N1g3 34. Bd3 Qf4 35. bxc6 Qe3+ 36. Kg2 Nh4+ 37. Nxh4 Rf2+ 38. Kh3 Ne4+ 39. Kg4 Nf6# 0-1


[Site "https://www.chess.com"]

[Event "Titled Tuesday Blitz October 11 Late 2022"]
[White "Quesada Perez, Yuniesky"]
[Black "Svane, Rasmus"]
[WhiteFideId "3504409"]
[BlackFideId "4657101"]
[WhiteElo "2599"]
[BlackElo "2674"]
[Result "0-1"]
[Round "10"]
[TimeControl "180+1"]
[Date "2022.10.11"]
[WhiteClock "0:00:19"]
[BlackClock "0:01:03"]

1. d4 Nf6 2. c4 e6 3. g3 d5 4. Nf3 Bb4+ 5. Bd2 a5 6. Qc2 O-O 7. Bg2 Be7 8. O-O c6 9. Bf4 Nbd7 10. Rd1 h6 11. Ne5 Nxe5 12. dxe5 Nd7 13. Nc3 g5 14. cxd5 cxd5 15. Be3 Nxe5 16. Nxd5 exd5 17. Rxd5 Nd7 18. Be4 Qe8 19. Bd4 Nf6 20. Bd3 Be6 21. Rc5 Rc8 22. Rxc8 Qxc8 23. Qd2 Rd8 24. Bxf6 Bxf6 25. Qxa5 Bxb2 26. Rd1 Bf6 27. Qb6 Kg7 28. a4 Qc6 29. Qb4 Rd4 30. Qb1 Qxa4 0-1


[Site "https://www.chess.com"]

[Event "Titled Tuesday Blitz October 11 Late 2022"]
[White "Rasulov, Vugar"]
[Black "Sanal, Vahap"]
[WhiteFideId "13402390"]
[BlackFideId "6300545"]
[WhiteElo "2509"]
[BlackElo "2574"]
[Result "1-0"]
[Round "10"]
[TimeControl "180+1"]
[Date "2022.10.11"]
[WhiteClock "0:00:12"]
[BlackClock "0:00:03"]

1. d4 d6 2. e4 Nf6 3. Nc3 e5 4. Nf3 Nbd7 5. Bc4 Be7 6. a4 c6 7. a5 O-O 8. O-O h6 9. Re1 Rb8 10. Bd3 Re8 11. Ne2 Bf8 12. Ng3 g6 13. c3 Bg7 14. h3 b5 15. axb6 axb6 16. Be3 b5 17. Qd2 Kh7 18. Ra7 Rb7 19. Ra8 Qc7 20. dxe5 dxe5 21. b4 Nb6 22. Bxb6 Qxb6 23. Rea1 Rd7 24. Qe2 Rdd8 25. Nd2 Be6 26. R8a6 Qc7 27. Nf3 Nd7 28. c4 Nb8 29. R6a3 Bf8 30. cxb5 Bxb4 31. Ra7 Qd6 32. Bc4 Bc5 33. Rb7 cxb5 34. Bxe6 Qxe6 35. Qxb5 Bf8 36. Raa7 Nc6 37. Rxf7+ Kg8 38. Rac7 Ne7 39. Nxe5 Nc8 40. Ng4 Ne7 41. Rf6 Qa2 42. Kh2 h5 43. Qg5 hxg4 44. Rxg6+ Kh8 45. Qh5+ 1-0


[Site "https://www.chess.com"]

[Event "Titled Tuesday Blitz October 11 Late 2022"]
[White "Remolar Gallen, Jose"]
[Black "Jorquera, Marcelo"]
[WhiteFideId "2215187"]
[BlackFideId "3401197"]
[WhiteElo "2214"]
[BlackElo "2136"]
[Result "1/2-1/2"]
[Round "10"]
[TimeControl "180+1"]
[Date "2022.10.12"]
[WhiteClock "0:00:07"]
[BlackClock "0:00:04"]

1. d4 d5 2. Nf3 Bf5 3. c4 e6 4. Nc3 Nf6 5. Qb3 Nc6 6. cxd5 exd5 7. Bf4 Na5 8. Qa4+ c6 9. e3 a6 10. Be2 b5 11. Qd1 Nc4 12. Bxc4 bxc4 13. O-O Bd6 14. Ne5 Bxe5 15. Bxe5 O-O 16. Qa4 Bd7 17. Qa3 Ng4 18. Bd6 Re8 19. h3 Nf6 20. Be5 h6 21. Rac1 Bf5 22. Na4 Ne4 23. f3 Ng5 24. Nc5 f6 25. Bf4 Bc8 26. Bxg5 hxg5 27. b3 cxb3 28. Qxb3 Qe7 29. Rc3 Bf5 30. e4 Be6 31. Qc2 Bf7 32. Re1 Qc7 33. Qf2 a5 34. Rce3 dxe4 35. fxe4 Rad8 36. e5 Rxd4 37. exf6 Rxe3 38. Qxe3 Qf4 39. fxg7 Qxe3+ 40. Rxe3 Bxa2 41. Ra3 Bd5 42. Rxa5 Rd2 43. Nd7 Kxg7 44. Ne5 Rxg2+ 45. Kf1 Rh2 46. Nxc6 Bxc6 47. Rxg5+ Kf6 48. Rg3 Bd7 49. Kg1 Rd2 50. Rf3+ Bf5 51. Rf2 Rd3 52. Kg2 Kg5 53. h4+ Kg4 54. h5 Rg3+ 55. Kh2 Rh3+ 56. Kg2 Rxh5 57. Rb2 Rh8 58. Rb4+ Kg5 59. Kg3 Re8 60. Rb3 Re5 61. Rc3 Re4 62. Ra3 Rd4 63. Kf3 Rd1 64. Ke2 Rd6 65. Kf3 Rf6 66. Ra5 Rb6 67. Ra3 Rb4 68. Kg3 Rg4+ 69. Kf3 Rh4 70. Ra5 Rh3+ 71. Kg2 Rc3 72. Ra4 Bg4 73. Kf2 Kh4 74. Rb4 Rf3+ 75. Kg2 Rc3 76. Rb2 Bh3+ 77. Kh2 Bg4 78. Kg2 Kg5 79. Rb5+ Kf4 80. Rb4+ Kg5 81. Rb2 Bf5 82. Kh2 Kf4 83. Kg2 Be4+ 84. Kf2 Rh3 85. Rb4 Rh2+ 86. Kg1 Rc2 87. Kf1 Kf3 88. Rb3+ Kf4 89. Ke1 Bf3 90. Rb4+ Kg3 91. Rb3 Re2+ 92. Kf1 Rd2 93. Rb1 Rd6 94. Rc1 Rh6 95. Ke1 Re6+ 96. Kd2 Rd6+ 97. Kc3 Kf2 98. Rc2+ Ke3 99. Kb4 Be4 100. Rc3+ Bd3 101. Kc5 Rd4 102. Rc1 Rd8 103. Re1+ Be2 104. Rh1 Rc8+ 105. Kb4 Bd3 106. Rh3+ Kd2 1/2-1/2


[Site "https://www.chess.com"]

[Event "Titled Tuesday Blitz October 11 Late 2022"]
[White "Reprintsev, Alexander"]
[Black "Garmash, Aliona"]
[WhiteFideId "14100541"]
[BlackFideId "34127620"]
[WhiteElo "2230"]
[BlackElo "1980"]
[Result "0-1"]
[Round "10"]
[TimeControl "180+1"]
[Date "2022.10.12"]
[WhiteClock "0:00:01"]
[BlackClock "0:00:06"]

1. e4 g6 2. d4 Bg7 3. Nc3 d6 4. h4 h5 5. Nf3 c6 6. Ng5 b5 7. Be3 Nf6 8. Qd2 O-O 9. f3 Nbd7 10. a4 b4 11. Ne2 c5 12. dxc5 dxc5 13. O-O-O Qa5 14. b3 c4 15. Nd4 cxb3 16. cxb3 Bb7 17. Nb5 Rac8+ 18. Kb1 Nc5 19. Bxc5 Rxc5 20. Bc4 Rxc4 21. bxc4 a6 22. Nd4 Nd7 23. Nb3 Qxa4 24. Qa2 Qc6 25. Na5 Qc7 26. g4 hxg4 27. h5 Nc5 28. hxg6 fxg6 29. Nxb7 Qxb7 30. Rd5 b3 31. Qa3 gxf3 32. Qxc5 Qb8 33. Ne6 Qg3 34. Nxg7 Qg2 35. Qa3 Qxh1+ 36. Kb2 Kxg7 37. Qxb3 Qg2+ 38. Ka3 f2 39. Qc3+ Kg8 40. Rd1 f1=Q 41. Rxf1 Qxf1 42. Qe5 Qf3+ 43. Ka4 Qf6 44. Qg3 Qc6+ 45. Kb3 Rc8 46. c5 Qb5+ 47. Ka2 Qc4+ 48. Ka1 Qe6 0-1


[Site "https://www.chess.com"]